 Dungeon Crawl Stone Soup version 0.27-a0-279-gdfb9265905 (webtiles) character file.

Game seed: 3703185980181056670

577 nomadicburrito the Sneak (level 7, 0/37 HPs)
             Began as a Vine Stalker Monk on Feb 7, 2021.
             Was a Believer of Okawaru.
             Slain by an orc wizard
             ... wielding a +0 dagger
              (3 damage)
             ... on level 4 of the Dungeon.
             The game lasted 00:08:34 (4151 turns).

nomadicburrito the Sneak (Vine Stalker Monk)        Turns: 4151, Time: 00:08:34

Health: 0/37       AC:  3    Str: 13    XL:     7   Next: 35%
Magic:  0/8        EV: 14    Int: 10    God:    Okawaru [**....]
Gold:   168        SH:  0    Dex: 19    Spells: 6/6 levels left

rFire    . . .     SeeInvis .     - Unarmed
rCold    . . .     Faith    .   (no shield)
rNeg     . . .     Spirit   +   a - +0 robe
rPois    .         Reflect  .   (no helmet)
rElec    .         Harm     .   (no cloak)
rCorr    .         Rampage  .   (no gloves)
Will     +....                  n - +0 pair of boots
Stlth    +++.......             (no amulet)
HPRegen  0.52/turn              j - ring of willpower
MPRegen  0.11/turn              (no ring)

@: no status effects
A: fangs 2, regeneration 1, magic shield, antimagic bite, no potion heal 3
a: Renounce Religion, Heroism


You were on level 4 of the Dungeon.
You worshipped Okawaru.
Okawaru was pleased with you.
You visited 2 branches of the dungeon, and saw 5 of its levels.

You collected 168 gold pieces.

Inventory:

Missiles
 f - 39 poisoned darts (quivered)
Armour
 a - a +0 robe (worn)
 n - a +0 pair of boots (worn)
Jewellery
 h - an uncursed ring of fire
 j - a ring of willpower (left hand)
 r - an uncursed ring of fire
Scrolls
 e - 2 scrolls of teleportation {unknown}
 g - 5 scrolls of identify {unknown}
 k - a scroll of enchant armour {unknown}
 l - a scroll of noise {unknown}
 m - 2 scrolls of remove curse {unknown}
 o - a scroll of fear {unknown}
 q - a scroll of magic mapping {unknown}
Potions
 b - a potion of attraction {unknown}
 c - a potion of haste {unknown}
 d - a potion of resistance {unknown}
 i - 2 potions of might {unknown}
 p - 2 potions of heal wounds {unknown}


   Skills:
 + Level 3.8 Fighting
 + Level 3.4 Dodging
 * Level 6.1 Stealth
 * Level 5.4 Unarmed Combat


You had 6 spell levels left.
You didn't know any spells.
Your spell library was empty.

Dungeon Overview and Level Annotations

Branches:
Dungeon (4/15)             Temple (1/1) D:4

Altars:
Ashenzari
Cheibriados
Dithmenos
Fedhas
Gozag
Hepliaklqana
Kikubaaqudgha
Makhleb
Nemelex Xobeh
Okawaru
Qazlal
Ru
Sif Muna
Trog
Uskayaw
Vehumet
Wu Jian
Xom
Zin
The Shining One

Annotations:
D:4 1 runed translucent door, Sonofthefire's ghost, weakling OpDe


Innate Abilities, Weirdness & Mutations

You have extremely sharp teeth.
Your natural rate of healing is unusually fast.
When hurt, damage is shared between your health and your magic reserves.
Your bite disrupts and absorbs the magic of your enemies.
Potions cannot restore your health.


Message History

You hit something but do no damage. You bite something.
Something completely misses you.
You miss something.
You hear some strange, mumbled words.
A magic dart appears from out of thin air!
The magic dart hits you!
* * * LOW HITPOINT WARNING * * *
You miss something. Something hits you.
* * * LOW HITPOINT WARNING * * *
You miss something.
You hear some strange, mumbled words.
Something tries to affect you, but you resist.
You barely miss something. You hit something.
You hear some strange, mumbled words.
Something tries to affect you, but you resist.
You hit something but do no damage. Your bite misses something.
Something hits you but does no damage.
You hit something. Something hits you.
You die...

#.......# #..
#.......# ###
#.......+
......
#.......#
#.......
#.......#
#.......
#.......#
#.......
#.......#
#.......
#####.{)....#
#.......
#.....@#+####
#.......
#.....)†......
#.......
#....!.#......
+.......
#......#...##.
#.......
#......# ..#
#....###
######## ###
+....'..
#....#..
#....#..
#....#..


There were no monsters in sight!

Vanquished Creatures
  A sky beast (D:4)
  A centaur (D:2)
  A howler monkey (D:4)
  2 orc priests
  A worker ant (D:4)
  Natasha (D:4)
  An orc wizard (D:3)
  Terence (D:2)
  5 adders
  4 gnolls (D:4)
  An ufetubus (D:4)
  6 worms
  A dart slug (D:1)
  3 leopard geckos
  14 orcs
  7 giant cockroaches
  5 goblins
  5 hobgoblins
  4 quokkas
  A ball python (D:1)
  6 bats
  6 frilled lizards
  14 kobolds
  A leopard gecko skeleton (D:4)
  3 rats
  A toadstool (D:1)
96 creatures vanquished.

Vanquished Creatures (others)
  3 toadstools (D:1)
3 creatures vanquished.

Grand Total: 99 creatures vanquished

Notes
Turn   | Place    | Note
-------+----------+-------------------------------------------
     0 | D:1      | nomadicburrito the Vine Stalker Monk began the quest for
                  | the Orb.
     0 | D:1      | Reached XP level 1. HP: 11/11 MP: 2/2
   377 | D:1      | Reached XP level 2. HP: 14/16 MP: 3/3
   591 | D:1      | Reached skill level 3 in Stealth
   975 | D:1      | Reached XP level 3. HP: 17/19 MP: 4/4
  1333 | D:2      | Noticed Terence
  1340 | D:2      | Killed Terence
  1500 | D:2      | Gained mutation: Your natural rate of healing is unusually
                  | fast. [Vine Stalker growth]
  1500 | D:2      | Reached XP level 4. HP: 24/24 MP: 5/5
  1887 | D:2      | Noticed a centaur
  1907 | D:2      | Killed a centaur
  1908 | D:2      | Reached skill level 4 in Stealth
  1908 | D:2      | Reached XP level 5. HP: 14/28 MP: 6/6
  2618 | D:3      | Reached skill level 5 in Stealth
  2618 | D:3      | Reached XP level 6. HP: 28/32 MP: 7/7
  3536 | D:4      | Found a staircase to the Ecumenical Temple.
  3568 | D:4      | Noticed Natasha
  3595 | D:4      | Killed Natasha
  3635 | Temple   | Entered the Ecumenical Temple
  3733 | Temple   | Became a worshipper of Warmaster Okawaru
  3733 | Temple   | Reached * piety under Okawaru
  3733 | Temple   | Reached ** piety under Okawaru
  3745 | D:4      | Noticed a sky beast
  3764 | D:4      | Killed a sky beast
  3765 | D:4      | Reached skill level 5 in Unarmed Combat
  3765 | D:4      | Reached XP level 7. HP: 13/37 MP: 3/8
  3857 | D:4      | Found a runed translucent door.
  3857 | D:4      | Noticed Sonofthefire's ghost (weakling OpDe)
  4069 | D:4      | Reached skill level 6 in Stealth
  4145 | D:4      | HP: 1/37 [something/magic dart (6)]
  4151 | D:4      | Slain by an orc wizard

Illustrated notes

Levels and vault maps discovered:
D:1:      ldierk_water_garden, layout_loops_ring, serial_park_tiny_2,
          minmay_split_cup_small
D:2:      layout_basic, uniq_terence
D:3:      minmay_recursive_quarters, layout_loops_corners,
          minmay_misc_feat_nine_boxes
D:4:      layout_gridville, minmay_temple_entry_mist,
          ebering_ghost_reflecting_pool, lightli_minifort, uniq_natasha
Temple:   regret_index_temple_chain_breaker

Skill      XL: |  1  2  3  4  5  6  7 |
---------------+----------------------+-----
Stealth        | 3 4 5 6 |  6.1
Fighting       | 3 |  3.8
Unarmed Combat | 4 5 |  5.4
Dodging        | 3 |  3.4

Action                   |  1- 3 |  4- 6 |  7- 9 || total
-------------------------+-------+-------+-------++-------
Melee: Unarmed           |    97 |   239 |    56 ||   392
       Bite              |    28 |    88 |    20 ||   136
       Punch             |     2 |     3 |     6 ||    11
Invok: Heroism           |       |       |     1 ||     1
 Stab: Sleeping          |     5 |    12 |       ||    17
Armor: Robe              |    16 |    20 |     7 ||    43
Dodge: Dodged            |    59 |   162 |    25 ||   246

Table legend: (Time is in decaauts)
 A = Elapsed time spent in this place.
 B = Non-inter-level travel time spent in this place.
 C = Inter-level travel time spent in this place.
 D = Time resting spent in this place.
 E = Time spent auto-exploring this place.
 F = Levels seen in this place.
 G = Mean time per level.
                   A        B        C        D        E       F      G
               +--------+--------+--------+--------+--------+-----+--------+
         Total |   4124 |   4036 |     88 |    178 |   2968 |   5 |  824.8 |
       Dungeon |   4016 |   3939 |     77 |    178 |   2968 |   4 | 1004.0 |
        Temple |    108 |     98 |     10 |      0 |      0 |   1 |  108.0 |
               +--------+--------+--------+--------+--------+-----+--------+

Top non-repeatable levels by time:
     D:1: 1320 daAuts
     D:2: 977 daAuts
     D:3: 977 daAuts
     D:4: 740 daAuts
  Temple: 108 daAuts
